 Dungeon Crawl Stone Soup version 0.30-a0-847-g17996783a1 (webtiles) character file.

Game seed: 14344663754104442857

44 retardedninja the Shield-Bearer (level 3, -1/35 HPs)
             Began as a Gnoll Fighter on Mar 3, 2023.
             Slain by Natasha (8 damage)
             ... on level 2 of the Dungeon.
             The game lasted 00:01:09 (999 turns).

retardedninja the Shield-Bearer (Gnoll Fighter)      Turns: 999, Time: 00:01:09

Health: -1/35      AC:  7    Str: 17    XL:     3   Next: 60%
Magic:  4/4        EV:  9    Int:  7    God:
Gold:   52         SH:  5    Dex: 11    Spells: 3/3 levels left

rFire   . . .      SeeInvis .    a - +0 flail
rCold   . . .      Faith    .    c - +0 buckler
rNeg    . . .      Spirit   .    b - +0 scale mail
rPois   .          Reflect  .    (no helmet)
rElec   .          Rampage  .    (no cloak)
rCorr   .                        (no gloves)
Will    .....                    (no boots) Stlth
                                 (no amulet)
HPRegen 0.25/turn                (no ring)
MPRegen 0.09/turn                (no ring)

@: mighty
A: fangs 1, strong nose, distributed training
a: no special abilities


You were on level 2 of the Dungeon.
You visited 1 branch of the dungeon, and saw 2 of its levels.

You collected 52 gold pieces.

Inventory:

Hand Weapons
 a - a +0 flail (weapon)
Armour
 b - a +0 scale mail (worn)
 c - a +0 buckler (worn)
 h - a +0 pair of boots
Jewellery
 i - a ring of willpower
 l - a +4 ring of protection
Scrolls
 e - 3 scrolls of fog {unknown}
 k - a scroll of enchant armour {unknown}
Potions
 f - 2 potions of cancellation
 g - a potion of mutation {unknown}
 j - a potion of degeneration {unknown}


   Skills:
 + Level 6.5 Fighting
 + Level 0.9 Short Blades
 + Level 0.9 Long Blades
 + Level 0.9 Axes
 + Level 4.5 Maces & Flails
 + Level 0.9 Polearms
 + Level 0.9 Staves
 + Level 0.9 Ranged Weapons
 + Level 0.9 Throwing
 + Level 6.5 Armour
 + Level 0.9 Dodging
 + Level 0.9 Stealth
 + Level 6.5 Shields
 + Level 0.9 Unarmed Combat
 + Level 0.9 Spellcasting
 + Level 0.6 Conjurations
 + Level 0.6 Hexes
 + Level 0.6 Summonings
 + Level 0.6 Necromancy
 + Level 0.6 Translocations
 + Level 0.6 Transmutations
 + Level 0.6 Fire Magic
 + Level 0.6 Ice Magic
 + Level 0.6 Air Magic
 + Level 0.6 Earth Magic
 + Level 0.6 Poison Magic
 + Level 1.0 Invocations
 + Level 0.9 Evocations


You had 3 spell levels left.
You didn't know any spells.
Your spell library was empty.

Dungeon Overview and Level Annotations

Branches:
Dungeon (2/15)

Altars:

Annotations:
D:2 Natasha


Innate Abilities, Weirdness & Mutations

You have very sharp teeth.
Your uncanny sense of smell can sniff out nearby items.
Your experience applies equally to all skills.


Message History

Natasha mumbles some strange words.
You block the shadow imp's attack.
You hit the shadow imp.
The shadow imp is moderately wounded.
The shadow imp lashes its tail.
The shadow imp hits you.
The crimson imp blinks!
You hit the shadow imp.
The shadow imp is heavily wounded.
You block the shadow imp's attack. The crimson imp barely misses you.
You hit the shadow imp.
The shadow imp is almost dead.
The shadow imp gestures at you. Pain shoots through your body!
The crimson imp barely misses you.
You are too injured to fight recklessly!
You are too injured to fight recklessly!
You are too injured to fight recklessly!
You are too injured to fight recklessly!
You are too injured to fight recklessly!
You are too injured to fight recklessly!
You are too injured to fight recklessly!
You are too injured to fight recklessly!
You are too injured to fight recklessly!
You are too injured to fight recklessly!
It was a potion of cancellation.
You feel magically purged.
The shadow imp hits you but does no damage.
The crimson imp hits you.
You feel very mighty all of a sudden. You block the shadow imp's attack.
The crimson imp blinks!
You closely miss the shadow imp.
The shadow imp is almost dead.
The shadow imp gestures at you. Pain shoots through your body!
* * * LOW HITPOINT WARNING * * *
The crimson imp blinks!
The shadow imp hits you but does no damage.
You barely miss the shadow imp. You bite the shadow imp.
You kill the shadow imp!
The shadow imp disappears in a puff of smoke!
Natasha claws you!
You die...

..........# #.#
#..ยง.....# #.#
#........# #.#
###........# #.#
...........#########.#
#.................#
####.##############
#.# #@# #h# #5# #.#
#.# #.# #.# #.#


You could see Natasha and a shadow imp (summoned).

Vanquished Creatures
  2 dart slugs
  A ball python (D:2)
  4 endoplasms (D:1)
  3 goblins
  A hobgoblin (D:1)
  6 jackals
  2 quokkas (D:1)
  4 frilled lizards
  6 kobolds
  8 rats
37 creatures vanquished.

Notes
Turn   | Place    | Note
-------+----------+-------------------------------------------
     0 | D:1      | retardedninja the Gnoll Fighter began the quest for the
                  | Orb.
     0 | D:1      | Reached XP level 1. HP: 23/23 MP: 1/1
    75 | D:1      | Reached XP level 2. HP: 26/29 MP: 2/2
   513 | D:1      | Reached XP level 3. HP: 28/35 MP: 3/3
   862 | D:2      | Reached skill level 1 in Invocations
   986 | D:2      | Noticed Natasha
   999 | D:2      | Slain by Natasha

Illustrated notes

Levels and vault maps discovered:
D:1:      sevenhm_arrival_forest_fort_small_6, layout_basic, interstate_on_off,
          minivault_26, grunt_decor_arrowhead, hangedman_decor_slide_cut
D:2:      layout_loops_ring, uniq_jessica, uniq_natasha, uniq_terence,
          uniq_sigmund

Skill      XL: |  1  2  3 |
---------------+----------+-----
Invocations    | 1 |  1.0
Fighting       | |  6.5
Short Blades   | |  0.9
Long Blades    | |  0.9
Axes           | |  0.9
Maces & Flails | |  4.5
Polearms       | |  0.9
Staves         | |  0.9
Ranged Weapons | |  0.9
Throwing       | |  0.9
Armour         | |  6.5
Dodging        | |  0.9
Stealth        | |  0.9
Shields        | |  6.5
Unarmed Combat | |  0.9
Spellcasting   | |  0.9
Conjurations   | |  0.6
Hexes          | |  0.6
Summonings     | |  0.6
Necromancy     | |  0.6
Translocations | |  0.6
Transmutations | |  0.6
Fire Magic     | |  0.6
Ice Magic      | |  0.6
Air Magic      | |  0.6
Earth Magic    | |  0.6
Poison Magic   | |  0.6
Evocations     | |  0.9

Action                     || total
---------------------------++-------
  Melee: Flail             ||    99
         Bite              ||     9
    Use: Potion            ||     2
 Armour: Scale mail        ||    43
  Dodge: Dodged            ||    35
  Block: Buckler           ||    29

Table legend: (Time is in decaauts)
 A = Elapsed time spent in this place.
 B = Non-inter-level travel time spent in this place.
 C = Inter-level travel time spent in this place.
 D = Time resting spent in this place.
 E = Time spent auto-exploring this place.
 F = Levels seen in this place.
 G = Mean time per level.
                   A        B        C        D        E       F      G
               +--------+--------+--------+--------+--------+-----+--------+
         Total |   1019 |    973 |     46 |      0 |    750 |   2 |  509.5 |
       Dungeon |   1019 |    973 |     46 |      0 |    750 |   2 |  509.5 |
               +--------+--------+--------+--------+--------+-----+--------+

Top non-repeatable levels by time:
     D:1: 864 daAuts
     D:2: 154 daAuts
